Map: [G8] NeoHumanity

Players

Oliveira - Winner!

  • Race: Terran Terran
  • Spawn Location: 5:00

HeroMarine

  • Race: Terran Terran
  • Spawn Location: 11:00

Event: Gamers8 2023

VOD

Have the link to the VOD?

Description

Time

  • Played on: Aug. 4, 2023, 9:13 a.m.
  • Length: 14:12

All games in this series

Show
View Real Time Build Order
Export as new Build Order

Oliveira Terran - Winner!

Build Orders: Reaper Expand 

Get SALT Encoding   

  12  0:00  SCV  
  13  0:12  SCV  
  14  0:17  Supply Depot  
  14  0:24  SCV  
  15  0:38  SCV  
  15  0:39  Barracks  
  16  0:43  Refinery  
  16  0:50  SCV  
  17  1:02  SCV  
  18  1:15  SCV  
  19  1:27  Reaper  
  19  1:28  Orbital Command  
  20  1:41  Command Center  
  20  1:51  Supply Depot  
  20  1:53  SCV  
  21  2:00  Marine  
  22  2:05  SCV  
  23  2:09  Factory  
  23  2:19  SCV  
  24  2:23  Barracks Reactor, Refinery  
  24  2:32  SCV  
  25  2:44  SCV  
  25  2:45  Bunker  
  25  2:53  Hellion  
  25  2:54  Starport  
  25  2:55  Orbital Command  
  25  2:57  SCV  
  28  3:00  Marine  
  28  3:04  Marine  
  29  3:09  SCV  
  30  3:15  Factory Tech Lab  
  30  3:19  Marine  
  30  3:21  Marine  
  30  3:22  SCV x2  
  34  3:33  Siege Tank  
  37  3:34  SCV x2  
  37  3:37  Supply Depot  
  37  3:40  Medivac  
  41  3:43  Marine x2  
  41  3:46  SCV  
  41  3:47  SCV  
  45  3:52  Refinery  
  45  3:58  SCV  
  45  3:59  SCV  
  45  4:00  Marine  
  45  4:01  Marine  
  49  4:05  Cyclone, Supply Depot  
  52  4:10  SCV  
  52  4:11  Starport Tech Lab  
  52  4:16  SCV  
  54  4:26  Command Center  
  54  4:27  SCV  
  54  4:28  SCV  
  56  4:32  Raven  
  58  4:39  SCV  
  58  4:40  SCV  
  60  4:51  SCV  
  60  4:52  SCV  
  62  4:54  Barracks x2  
  62  4:55  Factory Reactor  
  62  4:58  Stimpack  
  62  5:00  Supply Depot  
  62  5:07  Marine, Raven, SCV x2  
  67  5:19  SCV x2  
  69  5:25  Marine  
  70  5:32  SCV x2  
  70  5:33  Engineering Bay  
  70  5:34  Engineering Bay  
  70  5:35  Refinery  
  69  5:43  Marine  
  69  5:44  SCV x2  
  69  5:46  Marine x2, Orbital Command  
  74  5:51  Siege Tank, Marine  
  74  5:52  Marine  
  74  5:53  Starport Reactor  
  74  5:56  SCV x2  
  81  6:00  Marine  
  81  6:03  Marine  
  83  6:04  Terran Infantry Armor Level 1, Terran Infantry Weapons Level 1  
  83  6:06  Marine  
  83  6:08  SCV x2  
  83  6:09  Marine  
  87  6:11  Marine  
  88  6:18  Marine, Orbital Command  
  88  6:20  SCV  
  88  6:21  Supply Depot  
  88  6:23  Marine  
  88  6:25  SCV  
  92  6:30  Supply Depot  
  92  6:33  Supply Depot  
  92  6:35  Marine  
  92  6:36  Medivac x2, Siege Tank  
  92  6:37  SCV  
  101  6:41  Combat Shield  
  101  6:42  Marine x2  
  101  6:44  SCV  
  101  6:45  SCV  
  101  6:46  Marine  
  106  6:48  Marine  
  106  6:53  Marine  
  108  6:56  SCV  
  108  6:57  SCV, Supply Depot  
  108  7:00  Marine  
  109  7:01  SCV  
  109  7:05  Barracks  
  109  7:06  Barracks, Marine  
  109  7:07  Supply Depot  
  110  7:09  SCV  
  110  7:11  Siege Tank  
  110  7:14  Armory  
  114  7:15  SCV  
  114  7:17  Marine, SCV  
  114  7:18  Marine  
  114  7:22  Marine  
  119  7:36  Marine  
  106  7:39  Marine  
  106  7:43  Marauder, Marine x2  
  88  7:44  SCV x2  
  88  7:45  SCV  
  88  7:46  Command Center  
  91  7:52  Barracks  
  91  7:53  Barracks, Refinery  
  91  7:54  Marine, Barracks, Barracks Tech Lab x2  
  91  7:56  SCV  
  91  7:57  SCV  
  94  8:00  Siege Tank  
  94  8:05  Marauder, Marine x3  
  100  8:06  SCV  
  100  8:08  Terran Infantry Weapons Level 2, SCV  
  100  8:11  Terran Infantry Armor Level 2  
  104  8:15  Marauder, Concussive Shells  
  104  8:16  Marine  
  104  8:19  SCV x2  
  109  8:21  Marauder  
  109  8:23  Marine  
  109  8:24  Medivac  
  114  8:27  Medivac  
  114  8:30  Marauder, Marine x2  
  114  8:31  SCV  
  114  8:33  SCV  
  114  8:34  SCV  
  123  8:36  Marauder  
  123  8:38  Marine  
  123  8:39  Supply Depot  
  123  8:40  Barracks Reactor  
  123  8:41  Barracks Tech Lab  
  126  8:42  Barracks Tech Lab  
  126  8:44  Marauder  
  126  8:48  Marine, SCV  
  129  8:49  Marine x2  
  129  8:51  Siege Tank  
  129  8:52  Marauder, SCV x2  
  139  9:02  Sensor Tower  
  137  9:06  Marauder x2, Planetary Fortress  
  137  9:09  Marauder  
  142  9:11  Marine x3  
  142  9:12  Supply Depot  
  142  9:13  Marine, Supply Depot  
  142  9:15  Marine x2  
  148  9:18  Marine x2  
  150  9:24  SCV x2  
  150  9:27  Marauder, Command Center  
  150  9:29  Marauder  
  158  9:31  Marauder  
  158  9:34  Marauder, Marine x3  
  162  9:39  Marauder, Marine x2  
  162  9:44  Marine  
  167  9:47  Medivac x2  
  167  9:49  Marauder  
  167  9:50  Marine  
  167  9:51  Missile Turret, Supply Depot  
  174  9:53  SCV x3, Supply Depot  
  174  9:56  Marauder, Marine  
  180  10:05  Supply Depot  
  180  10:12  Marine x5  
  180  10:13  Marauder  
  156  10:31  Marauder x2, Marine x3  
  156  10:32  Marine x2  
  156  10:33  Marauder, Marine x2  
  156  10:34  Marauder  
  156  10:35  Terran Infantry Armor Level 3, Terran Infantry Weapons Level 3  
  162  10:42  Medivac x2  
  161  10:43  Siege Tank  
  161  10:46  SCV  
  161  10:47  Missile Turret, Unknown  
  161  10:48  Marine  
  161  10:49  Marine x2  
  168  10:50  Marine  
  168  10:52  Planetary Fortress  
  168  10:54  Marauder, Marine x2  
  173  11:01  Marine  
  173  11:02  Marauder, Marine  
  173  11:08  Marine  
  173  11:09  Marauder  
  173  11:10  Marine x2  
  175  11:16  Marauder, Marine x2  
  175  11:19  Marine  
  175  11:20  Medivac x2, Marauder x2  
  175  11:23  SCV  
  175  11:24  Marauder  
  181  11:26  Marine  
  181  11:28  Marine  
  181  11:30  Marauder  
  177  11:34  Marine x2  
  177  11:35  Command Center  
  177  11:37  Marauder  
  178  11:41  Marauder, Marine  
  178  11:43  Marine  
  178  11:44  Marauder, Marine x2  
  178  11:46  Marine  
  159  11:52  Marauder, Medivac, Marine x2  
  159  11:53  Medivac  
  152  11:54  Siege Tank  
  152  11:58  Marauder, Marine  
  147  12:01  Marine  
  147  12:02  Marine, SCV  
  147  12:03  Marauder x2, SCV  
  147  12:04  Marine, SCV  
  147  12:05  Marine  
  156  12:10  Marine x2  
  156  12:13  Marauder  
  160  12:15  Terran Ship Weapons Level 1  
  160  12:16  Starport, Refinery, Marine  
  160  12:18  Starport, Command Center  
  160  12:19  Marine x2  
  160  12:21  Marine  
  160  12:22  Marine  
  165  12:23  Marauder, Marine  
  165  12:24  Marine  
  165  12:28  Marine  
  170  12:31  Marine  
  170  12:34  Marine x2  
  170  12:35  Siege Tank, Viking x2  
  170  12:36  Missile Turret  
  180  12:38  Marauder  
  180  12:40  Marine  
  180  12:42  Marauder  
  184  12:51  Planetary Fortress, Refinery  
  184  12:52  Refinery  
  184  12:53  Missile Turret  
  184  12:54  Missile Turret  
  184  12:55  Starport Reactor x2  
  184  12:56  Sensor Tower  
  184  12:57  Missile Turret  
  183  13:11  Viking x2  
  186  13:13  Marauder x3, Fusion Core  
  192  13:27  Marauder, Marine x2  
  191  13:30  Marauder, Marine  
  192  13:35  Viking x3  
  195  13:42  Viking  
Show
View Real Time Build Order
Export as new Build Order

HeroMarine Terran 

Build Orders: Reaper Expand, Mech 

Get SALT Encoding   

  12  0:00  SCV  
  13  0:12  SCV  
  14  0:18  Supply Depot  
  14  0:24  SCV  
  15  0:39  SCV  
  15  0:41  Barracks  
  16  0:44  Refinery  
  16  0:51  SCV  
  17  1:03  SCV  
  18  1:16  SCV  
  19  1:28  Reaper, Orbital Command  
  20  1:42  Command Center  
  20  1:50  Supply Depot  
  20  1:54  SCV  
  20  2:01  Reaper  
  22  2:06  SCV  
  23  2:18  SCV  
  23  2:22  Factory  
  23  2:26  Refinery  
  23  2:30  SCV  
  24  2:41  Barracks Reactor  
  24  2:42  SCV  
  24  2:48  Command Center  
  24  2:54  SCV  
  25  3:07  Orbital Command  
  25  3:08  Hellion, SCV  
  28  3:15  Starport  
  28  3:20  SCV  
  28  3:23  Marine x2  
  31  3:30  Factory Tech Lab  
  31  3:33  SCV  
  31  3:34  SCV  
  33  3:41  Marine x2  
  34  3:45  SCV  
  34  3:46  SCV  
  37  3:49  Siege Tank  
  37  3:51  Starport Tech Lab  
  40  3:57  Refinery, SCV  
  40  3:58  SCV  
  40  3:59  Marine x2  
  44  4:05  Orbital Command  
  46  4:10  Raven  
  46  4:11  SCV x2  
  48  4:19  Marine x2  
  48  4:20  Supply Depot  
  48  4:23  SCV  
  48  4:24  SCV  
  51  4:27  Siege Tank  
  51  4:30  Refinery  
  54  4:32  SCV  
  54  4:35  SCV  
  54  4:36  SCV  
  57  4:44  SCV  
  59  4:47  SCV  
  59  4:48  SCV  
  59  4:56  Refinery, SCV  
  59  4:57  Viking x2  
  59  4:59  SCV  
  65  5:02  Supply Depot  
  65  5:06  Siege Tank, Marine  
  69  5:13  SCV x3, Supply Depot  
  70  5:25  SCV x3  
  70  5:27  Viking x2  
  74  5:37  SCV x3  
  74  5:40  Siege Tank  
  80  5:44  Supply Depot  
  80  5:47  Orbital Command  
  80  5:49  SCV  
  81  5:51  Barracks Reactor  
  81  5:52  Factory, SCV  
  81  5:56  Engineering Bay  
  82  6:02  SCV  
  82  6:04  SCV  
  84  6:05  Factory  
  84  6:07  Viking  
  86  6:12  Viking  
  86  6:14  SCV  
  86  6:16  SCV x2  
  91  6:23  Siege Tank  
  92  6:26  SCV  
  92  6:28  SCV x2  
  95  6:34  Refinery  
  95  6:36  Siege Tank, Refinery, Supply Depot x2  
  95  6:38  SCV  
  99  6:40  SCV x2  
  101  6:54  Supply Depot  
  101  6:55  Viking x2, SCV x3  
  101  7:01  Sensor Tower  
  107  7:02  Missile Turret  
  107  7:04  Hellion x2  
  107  7:05  Hellion  
  107  7:07  SCV x3  
  116  7:15  Armory, Missile Turret  
  116  7:17  Factory  
  116  7:20  SCV x3  
  117  7:32  SCV  
  117  7:35  SCV x2  
  102  7:37  Siege Tank  
  102  7:38  Hellion x2  
  99  7:44  SCV  
  99  7:47  SCV x2  
  99  7:49  Viking x2  
  99  7:50  Barracks Reactor  
  103  7:56  SCV  
  103  7:57  Starport  
  104  7:59  SCV  
  104  8:00  Factory Reactor, SCV  
  104  8:01  Infernal Pre-Igniter  
  104  8:02  Terran Vehicle Weapons Level 1  
  106  8:10  Siege Tank  
  106  8:11  Hellion x3  
  118  8:15  Missile Turret  
  118  8:17  Supply Depot  
  118  8:19  Viking x2, Supply Depot  
  119  8:20  Supply Depot  
  119  8:30  Missile Turret  
  119  8:31  Missile Turret  
  119  8:32  SCV, Missile Turret  
  119  8:33  SCV  
  119  8:34  SCV, Missile Turret  
  122  8:38  Hellion x2  
  126  8:42  Hellion  
  128  8:49  Medivac x4, Siege Tank  
  128  8:53  Supply Depot  
  128  8:55  Hellion, Supply Depot  
  141  8:56  Siege Tank  
  142  9:03  Hellion x2, Supply Depot  
  144  9:17  Command Center, Missile Turret  
  144  9:19  Medivac x3  
  144  9:20  Medivac  
  156  9:24  Hellion x2  
  156  9:25  Hellion  
  156  9:27  Hellion  
  156  9:29  Hellion  
  154  9:32  Siege Tank  
  157  9:45  Hellion x2  
  157  9:47  Hellion  
  157  9:48  Viking  
  157  9:49  Viking, Hellion  
  157  9:51  Hellion  
  167  9:54  Viking x2  
  167  9:57  Terran Vehicle And Ship Armor Level 1  
  171  10:00  Supply Depot x2  
  171  10:09  Hellion x4  
  179  10:20  Siege Tank  
  179  10:23  Hellion  
  160  10:30  Siege Tank, Hellion x3  
  157  10:44  Hellion  
  157  10:49  Liberator x2  
  162  10:50  Liberator  
  162  10:51  Hellion  
  162  10:52  Siege Tank, Hellion x2  
  177  10:58  Factory  
  177  11:00  SCV x3  
  177  11:02  Siege Tank  
  171  11:06  Hellion  
  164  11:12  SCV  
  164  11:13  Hellion x3  
  166  11:25  Siege Tank  
  158  11:27  Hellion  
  158  11:34  Siege Tank, Hellion x2  
  158  11:35  Hellion  
  163  11:41  Viking x2  
  143  11:48  Hellion  
  126  11:56  Hellion x3  
  126  11:57  Hellion  
  121  12:07  Hellion  
  121  12:10  Hellion  
  121  12:14  Liberator x2, Hellion x2  
  121  12:15  Liberator  
  133  12:17  Hellion x3  
  133  12:18  Siege Tank  
  145  12:28  Hellion  
  147  12:31  Hellion  
  147  12:35  Hellion x2  
  153  12:38  Hellion  
  153  12:39  Hellion  
  157  12:47  Hellion  
  157  12:49  Siege Tank  
  157  12:50  Siege Tank  
  165  12:53  Hellion  
  165  12:57  Viking x2  
  171  12:58  Viking  
  173  13:08  Hellion x2  
  173  13:09  Hellion x2  
  177  13:18  Hellion  
  175  13:22  Siege Tank x2  
  175  13:23  Hellion  
  183  13:27  Medivac x2  
  183  13:29  Hellion  
  183  13:30  Hellion  
  184  13:38  Hellion  
  186  13:47  Hellion  
  190  13:49  Hellion  
Tags
 
Add a new tag
Caveats
  • Supply blocks, unpowered buildings, or Contaminate may cause inaccurate times.
  • Supply counts are checked every 10 seconds.